 Dungeon Crawl Stone Soup version 0.27-a0-323-gbd089401bb (webtiles) character file.

Game seed: 1830510579648251672

104 tabyourdongers the Skirmisher (level 4, -3/42 HPs)
             Began as a Palentonga Fighter on Feb 10, 2021.
             Was an Initiate of Trog.
             Slain by an orc
             ... wielding a +0 dagger
              (4 damage)
             ... on level 3 of the Dungeon.
             The game lasted 00:01:54 (2231 turns).

tabyourdongers the Skirmisher (Palentonga Fighter)  Turns: 2231, Time: 00:01:55

Health: -3/42      AC:  6    Str: 21    XL:     4   Next: 52%
Magic:  4/4        EV:  5    Int:  8    God:    Trog [......]
Gold:   59         SH:  8    Dex:  9    Spells: 3/3 levels left

rFire    . . .     SeeInvis +   a - +0 war axe
rCold    . . .     Faith    .   c - +0 kite shield
rNeg     . . .     Spirit   .   b - +0 scale mail
rPois    .         Reflect  .   (no helmet)
rElec    .         Harm     .   (no cloak)
rCorr    .         Rampage  .   (no gloves)
Will     .....                  (no barding)
Stlth    ..........             (no amulet)
HPRegen  0.14/turn              (no ring)
MPRegen  0.09/turn              (no ring)

@: no status effects
A: large, rugged brown scales 3, see invisible, deformed body, roll 1, armoured
tail
a: Rolling Charge, Renounce Religion


You were on level 3 of the Dungeon.
You worshipped Trog.
Trog was noncommittal.
You visited 1 branch of the dungeon, and saw 3 of its levels.

You collected 59 gold pieces.

Inventory:

Hand Weapons
 a - a +0 war axe (weapon)
Armour
 b - a +0 scale mail (worn)
 c - a +0 kite shield (worn)
Scrolls
 e - 3 scrolls of identify {unknown}
 g - 2 scrolls of fog {unknown}
 h - a scroll of random uselessness {unknown}
 i - a scroll of noise {unknown}
 j - a scroll of amnesia {unknown}
Potions
 d - 2 potions of might
 f - a potion of heal wounds {unknown}
 k - a potion of flight {unknown}


   Skills:
 + Level 4.1 Fighting
 + Level 2.8 Axes
 + Level 2.9 Armour
 + Level 0.3 Dodging
 + Level 2.7 Shields


You had 3 spell levels left.
You didn't know any spells.
Your spell library contained the following spells:

 Spells                   Type           Power        Failure   Level
 Magic Dart               Conj           0%           99%         1
 Pain                     Necr           0%           99%         1
 Blink                    Tloc           N/A          100%        2
 Call Imp                 Summ           0%           100%        2
 Slow                     Hex            0%           100%        2
 Conjure Flame            Conj/Fire      0%           100%        3
 Mephitic Cloud           Conj/Pois/Air  0%           100%        3


Dungeon Overview and Level Annotations

Branches:
Dungeon (3/15)

Altars:
Sif Muna
Trog


Innate Abilities, Weirdness & Mutations

You are completely covered in rugged brown scales. (AC +3, +7% HP)
You have supernaturally acute eyesight. (SInv)
Armour fits poorly on your strangely shaped body.
You can roll at nearby foes to attack.
You have a long armoured tail.


Message History

You are too injured to fight recklessly!
You are too injured to fight recklessly!
Okay, then.
Roll where?
Press: ? - help, Dir - move target, f - orc priest
Aim: an orc priest, wielding a +2 trident of distortion You roll forward with a clatter of scales!
You hit the orc priest.
The orc priest is moderately wounded.
You barely miss the orc. You block the orc's attack.
The orc priest miscasts a cantrip.
An ooze comes into view.
The orc barely misses you.
You closely miss the orc priest.
The orc priest is moderately wounded.
Your shield and scale mail prevent you from hitting the orc.
The orc priest casts a cantrip, but nothing happens.
The orc completely misses you.
The orc priest invokes the aid of Beogh against you.
Pain shoots through your body!
* * * LOW HITPOINT WARNING * * *
You barely miss the orc priest.
The orc priest is moderately wounded.
You closely miss the orc. The orc hits you but does no damage.
You block the orc priest's attack. The orc hits you but does no damage.
You closely miss the orc priest.
The orc priest is moderately wounded.
You hit the orc but do no damage. The orc priest barely misses you.
You block the orc's attack.
The orc priest hits you but does no damage.
Space bends around you.
* * * LOW HITPOINT WARNING * * *
You barely miss the orc priest.
Your tail-slap misses the orc priest.
The orc priest is moderately wounded.
You barely miss the orc. The orc hits you but does no damage.
The orc priest calls down the wrath of Beogh upon you.
Beogh smites you!
* * * LOW HITPOINT WARNING * * *
The orc hits you with a +0 dagger.
You die...

.. #. #.## #..#
#..#### . #......
....########...#
.........J@o.<.#
.........)o..(..#
..............#.#
..............#.#
..............# #
..............#
....#.#.####....
..[.#.#.# #..#.


You could see an orc priest, an ooze and an orc.

Vanquished Creatures
  Terence (D:2)
  A gnoll (D:1)
  A white imp (D:2)
  An ooze (D:1)
  3 worms (D:2)
  2 dart slugs
  A leopard gecko (D:1)
  An orc (D:3)
  7 bats
  5 giant cockroaches
  4 goblins
  4 hobgoblins
  2 kobolds (D:2)
  2 frilled lizards
  9 rats
44 creatures vanquished.

Notes
Turn   | Place    | Note
-------+----------+-------------------------------------------
     0 | D:1      | tabyourdongers the Palentonga Fighter began the quest for
                  | the Orb.
     0 | D:1      | Reached XP level 1. HP: 20/20 MP: 1/1
    37 | D:1      | Reached XP level 2. HP: 25/27 MP: 2/2
   375 | D:1      | Reached XP level 3. HP: 35/35 MP: 3/3
   975 | D:2      | Reached skill level 4 in Fighting
  1657 | D:2      | Reached XP level 4. HP: 39/42 MP: 4/4
  1802 | D:2      | Found a shimmering blue altar of Sif Muna.
  1813 | D:2      | Identified Sif Muna's Compendium of Unholy Rituals
  2015 | D:2      | Found a bloodstained altar of Trog.
  2015 | D:2      | Noticed Terence
  2025 | D:2      | Killed Terence
  2030 | D:2      | Became a worshipper of Trog the Wrathful
  2231 | D:3      | HP: 1/42 [orc priest/divine providence (10)]
  2231 | D:3      | Slain by an orc

Illustrated notes

Levels and vault maps discovered:
D:1:      mrwooster_arrival_arrow, layout_loops_ring,
          chequers_serial_rivers_room_a, minmay_misc_feat_encased,
          minmay_pentomino_z2
D:2:      layout_basic, nzn_overflow_gifts_of_might_and_magic,
          minmay_stone_trees_medium
D:3:      gammafunk_wand_slinger, layout_basic, lemuel_round_altar,
          kennysheep_slug_shrine, portal_sewer_entry_d, hex_medium

Skill      XL: |  1  2  3 |
---------------+----------+-----
Fighting       | 4 |  4.1
Axes           | |  2.8
Armour         | |  2.9
Dodging        | |  0.3
Shields        | |  2.7

Action                   |  1- 3 |  4- 6 || total
-------------------------+-------+-------++-------
Melee: War axe           |   120 |    35 ||   155
       Tailslap          |    12 |     4 ||    16
 Abil: Rolling Charge    |       |     1 ||     1
Armor: Scale mail        |    59 |    13 ||    72
Dodge: Dodged            |    36 |    11 ||    47
Block: Kite shield       |    65 |    14 ||    79

Table legend: (Time is in decaauts)
 A = Elapsed time spent in this place.
 B = Non-inter-level travel time spent in this place.
 C = Inter-level travel time spent in this place.
 D = Time resting spent in this place.
 E = Time spent auto-exploring this place.
 F = Levels seen in this place.
 G = Mean time per level.
                   A        B        C        D        E       F      G
               +--------+--------+--------+--------+--------+-----+--------+
         Total |   2324 |   2282 |     42 |      0 |   1917 |   3 |  774.7 |
       Dungeon |   2324 |   2282 |     42 |      0 |   1917 |   3 |  774.7 |
               +--------+--------+--------+--------+--------+-----+--------+

Top non-repeatable levels by time:
     D:2: 1470 daAuts
     D:1: 833 daAuts
     D:3: 21 daAuts
